 Dungeon Crawl Stone Soup version 0.30-a0-377-g5cb311bc9f (webtiles) character file.

Game seed: 11864959956499114277

195 qeuew the Shield-Bearer (level 6, -9/4 (48) HPs)
             Began as a Formicid Fighter on Nov 28, 2022.
             Mangled by a gnoll
             ... wielding a +0 flail
              (11 damage)
             ... on level 3 of the Dungeon.
             The game lasted 00:03:39 (2399 turns).

qeuew the Shield-Bearer (Formicid Fighter)          Turns: 2399, Time: 00:03:40

HP:   -9/4 (48)     AC:  7    Str: 20    XL:     6   Next: 4%
MP:   6/6           EV: 10    Int:  8    God:
Gold: 85            SH:  5    Dex: 15    Spells: 5/5 levels left

rFire   . . .      SeeInvis +    a - +0 war axe
rCold   . . .      Faith    .    c - +0 buckler
rNeg    + . .      Spirit   .    b - +0 scale mail
rPois   .          Reflect  .    (helmet unavailable)
rElec   .          Harm     .    (no cloak)
rCorr   .          Rampage  .    (no gloves)
Will    .....                    (no boots)
Stlth   ..........               (no amulet)
HPRegen 0.20/turn                f - ring of positive energy
MPRegen 0.10/turn                (no ring)

@: extremely drained
A: permanent stasis, dig shafts and tunnels, antennae 3, four strong arms
a: Dig, Shaft Self


You were on level 3 of the Dungeon.
You visited 1 branch of the dungeon, and saw 3 of its levels.
You also visited: Sewer.

You collected 85 gold pieces.

Inventory:

Hand Weapons
 a - a +0 war axe (weapon)
Armour
 b - a +0 scale mail (worn)
 c - a +0 buckler (worn)
Jewellery
 f - a ring of positive energy (left hand)
Wands
 g - a wand of digging (7)
Scrolls
 k - a scroll of summoning
 m - a scroll of fog {unknown}
 n - a scroll of enchant weapon {unknown}
 o - a scroll of identify
Potions
 d - a potion of might
 e - 2 potions of curing
 h - 2 potions of heal wounds
 i - a potion of degeneration {unknown}
 j - a potion of brilliance {unknown}
 l - 3 potions of attraction {unknown}


   Skills:
 + Level 4.1 Fighting
 + Level 3.1 Axes
 + Level 4.2 Armour
 + Level 1.9 Dodging
 + Level 5.0 Shields
 + Level 0.6 Evocations


You had 5 spell levels left.
You didn't know any spells.
Your spell library was empty.

Dungeon Overview and Level Annotations

Branches:
Dungeon (3/15)              Sewer (visited)

Altars:


Innate Abilities, Weirdness & Mutations

You cannot be hasted, slowed, berserked, paralysed or teleported.
You can dig through walls and to a lower floor.
You have a pair of large antennae on your head. (SInv)
Your four strong arms can wield two-handed weapons with a shield.


Message History

The gnoll shouts!
You hit the endoplasm.
The endoplasm is lightly wounded.
The endoplasm freezes you.
You are frozen.
Ouch! That really hurt!
You are too injured to fight recklessly!
You are too injured to fight recklessly!
You are too injured to fight recklessly!
You are too injured to fight recklessly!
You are too injured to fight recklessly!
You are too injured to fight recklessly!
You are too injured to fight recklessly!
You are too injured to fight recklessly!
You are too injured to fight recklessly!
You are too injured to fight recklessly!
You are too injured to fight recklessly!
You are too injured to fight recklessly!
You are too injured to fight recklessly!
You are too injured to fight recklessly!
You are too injured to fight recklessly!
You are too injured to fight recklessly!
You are too injured to fight recklessly!
You are too injured to fight recklessly!
You are too injured to fight recklessly!
You are too injured to fight recklessly!
You slash the endoplasm!
You kill the endoplasm!
A quokka comes into view.
You closely miss the gnoll.
An endoplasm comes into view.
You barely miss the gnoll.
The endoplasm quivers.
You slash the gnoll! The gnoll closely misses you.
The gnoll hits you with a +0 whip.
You slash the gnoll!
The gnoll is heavily wounded.
You barely miss the gnoll. The gnoll hits you with a +0 flail!
Ouch! That really hurt!
You die...

####### ##.....#
#...##.# #~~~##.#
#~~~##.####
#)~~#.....#
#~†~#.....#
#~.~#.>..@# {
#~~~#....gggr....
#~~~#.....###....
#~~~##....# J.
#~~÷#..##.#
#####...#.###.#
{...............
#######..####..
##..##


You could see 3 gnolls, an endoplasm and a quokka.

Vanquished Creatures
  Jessica (D:2)
  Robin (D:2)
  3 adders
  4 river rats (Sewer)
  2 dart slugs
  An orc (D:3)
  6 ball pythons
  2 bats (D:1)
  10 endoplasms
  A giant cockroach (D:3)
  14 goblins
  9 hobgoblins
  4 jackals (D:2)
  5 quokkas
  5 frilled lizards
  5 kobolds (D:1)
  13 rats
86 creatures vanquished.

Notes
Turn   | Place    | Note
-------+----------+-------------------------------------------
     0 | D:1      | qeuew the Formicid Fighter began the quest for the Orb.
     0 | D:1      | Reached XP level 1. HP: 18/18 MP: 1/1
   175 | D:1      | Reached XP level 2. HP: 24/24 MP: 2/2
   384 | D:1      | Reached XP level 3. HP: 28/29 MP: 3/3
   910 | D:2      | Noticed Jessica
   915 | D:2      | Killed Jessica
   916 | D:2      | Reached skill level 1 in Dodging
   916 | D:2      | Reached XP level 4. HP: 35/37 MP: 4/4
   979 | D:2      | Noticed Robin
   991 | D:2      | Killed Robin
  1191 | D:2      | Reached XP level 5. HP: 42/42 MP: 5/5
  1687 | D:3      | Found a glowing drain.
  1702 | Sewer    | Entered a sewer
  1789 | Sewer    | Reached skill level 5 in Shields
  2099 | Sewer    | Reached XP level 6. HP: 48/48 MP: 6/6
  2399 | D:3      | Mangled by a gnoll

Illustrated notes

Levels and vault maps discovered:
D:1:      dpeg_arrival_windows_large_door, layout_loops_ring,
          kennysheep_flooded_box
D:2:      layout_loops_ring, chequers_decorated_corner, uniq_jessica, uniq_robin
D:3:      layout_rooms, portal_sewer_entry_f, uniq_grinder,
          uniq_crazy_yiuf_cottage

Skill      XL: |  1  2  3  4  5 |
---------------+----------------+-----
Dodging        | 1 |  1.9
Armour         | 4 |  4.2
Fighting       | 4 |  4.1
Axes           | 3 |  3.1
Shields        | 5 |  5.0
Evocations     | |  0.6

Action                   |  1- 3 |  4- 6 || total
-------------------------+-------+-------++-------
Melee: War axe           |    67 |   134 ||   201
 Abil: Dig               |       |     5 ||     5
  Use: Scroll            |     4 |     2 ||     6
       Potion            |       |     1 ||     1
Armor: Scale mail        |    39 |    52 ||    91
Dodge: Dodged            |    26 |    68 ||    94
Block: Buckler           |    12 |    33 ||    45

Table legend: (Time is in decaauts)
 A = Elapsed time spent in this place.
 B = Non-inter-level travel time spent in this place.
 C = Inter-level travel time spent in this place.
 D = Time resting spent in this place.
 E = Time spent auto-exploring this place.
 F = Levels seen in this place.
 G = Mean time per level.
                   A        B        C        D        E       F      G
               +--------+--------+--------+--------+--------+-----+--------+
         Total |   2529 |   2484 |     45 |     60 |   1800 |   4 |  632.2 |
       Dungeon |   1790 |   1745 |     45 |     60 |   1296 |   3 |  596.7 |
         Sewer |    739 |    739 |      0 |      0 |    503 |   1 |  739.0 |
               +--------+--------+--------+--------+--------+-----+--------+

Top non-repeatable levels by time:
     D:1: 936 daAuts
     D:2: 757 daAuts
   Sewer: 739 daAuts
     D:3: 96 daAuts
